Map: Neon Violet Square LE

Players

Lillekanin

  • Race: Terran Terran
  • Spawn Location: 11:00

ShoWTimE - Winner!

  • Race: Protoss Protoss
  • Spawn Location: 5:00

Event: WCS Leipzig 2018

VOD

Have the link to the VOD?

Description

Time

  • Played on: Jan. 26, 2018, 7:23 a.m.
  • Length: 11:03

All games in this series

Show
View Real Time Build Order
Export as new Build Order

Lillekanin Terran 

Build Orders: Mech 

Get SALT Encoding   

  12  0:00  SCV  
  13  0:13  SCV  
  14  0:18  Supply Depot  
  14  0:25  SCV  
  15  0:31  Refinery  
  15  0:40  SCV  
  16  0:47  Barracks  
  16  0:52  SCV  
  17  1:04  SCV  
  18  1:16  SCV  
  19  1:33  Orbital Command  
  19  1:34  Marine  
  20  1:48  Command Center  
  20  1:59  Factory  
  20  2:03  SCV  
  20  2:06  Barracks Reactor  
  21  2:14  Supply Depot  
  21  2:16  SCV  
  22  2:23  Refinery  
  22  2:31  SCV  
  22  2:35  Bunker  
  23  2:43  SCV  
  24  2:46  Widow Mine  
  24  2:50  Starport  
  26  2:52  Marine  
  26  2:54  Marine  
  28  3:00  SCV  
  29  3:07  Orbital Command  
  29  3:12  Widow Mine  
  31  3:13  SCV  
  31  3:19  Marine  
  33  3:26  SCV  
  34  3:29  Marine  
  35  3:36  SCV  
  35  3:38  SCV  
  36  3:43  Medivac  
  36  3:48  SCV  
  39  3:50  SCV  
  39  3:51  Factory Tech Lab  
  40  4:00  SCV  
  40  4:01  Supply Depot  
  40  4:02  SCV, Marine x2  
  44  4:12  SCV  
  45  4:23  Starport Tech Lab  
  44  4:27  Command Center  
  44  4:29  Marine x2  
  43  4:32  SCV  
  43  4:37  SCV  
  44  4:39  Refinery  
  44  4:43  Cloaking Field  
  44  4:45  Banshee  
  47  4:53  SCV x2  
  47  4:55  Supply Depot  
  47  4:58  Refinery  
  49  5:00  Engineering Bay  
  49  5:05  SCV  
  50  5:08  Siege Tank  
  50  5:09  SCV  
  54  5:18  SCV  
  54  5:21  Supply Depot  
  55  5:23  SCV  
  55  5:26  Marine x2  
  55  5:27  Banshee  
  61  5:30  SCV  
  61  5:32  Missile Turret  
  62  5:35  Missile Turret  
  64  5:42  SCV x2  
  64  5:45  Supply Depot  
  64  5:52  Factory  
  64  5:55  Factory  
  64  5:57  SCV  
  64  5:58  SCV  
  64  5:59  Orbital Command  
  66  6:09  SCV  
  66  6:10  SCV  
  68  6:22  SCV x2  
  69  6:34  SCV x2  
  69  6:35  Orbital Command  
  69  6:36  Armory  
  70  6:43  Factory Tech Lab  
  70  6:46  SCV x2, Missile Turret  
  68  6:49  Starport  
  68  6:50  Starport  
  68  6:52  Missile Turret  
  68  6:54  Widow Mine x3  
  74  6:58  SCV x2  
  76  7:01  SCV  
  76  7:02  Bunker  
  76  7:07  Refinery, Siege Tank  
  80  7:09  Refinery  
  80  7:10  SCV  
  80  7:12  SCV, Armory  
  82  7:17  Widow Mine x2  
  82  7:21  Siege Tank  
  82  7:22  SCV  
  90  7:24  SCV x2  
  90  7:28  Starport Tech Lab  
  90  7:29  Terran Vehicle And Ship Armor Level 1, Starport Tech Lab  
  89  7:36  Missile Turret x2  
  89  7:40  SCV x2  
  89  7:41  SCV, Fusion Core  
  92  7:49  Supply Depot  
  92  7:50  Supply Depot  
  92  7:53  SCV, Siege Tank  
  100  7:58  Hellion x2  
  100  8:02  SCV  
  101  8:07  Liberator  
  101  8:08  Terran Ship Weapons Level 1  
  101  8:09  Liberator  
  101  8:10  Raven  
  101  8:11  SCV, Hellion  
  106  8:14  Missile Turret  
  106  8:15  Sensor Tower  
  106  8:21  Supply Depot  
  106  8:22  Supply Depot x2  
  112  8:36  Liberator, Missile Turret  
  110  8:49  Supply Depot x2  
  110  8:51  Missile Turret  
  113  8:58  Bunker, Command Center  
  113  9:00  SCV  
  113  9:02  Hellion x2  
  120  9:03  Hellion  
  120  9:07  Hellion  
  117  9:24  Hellion x2, Siege Tank  
  115  9:27  SCV  
  115  9:29  Hellion  
  112  9:34  SCV x2  
  111  9:39  SCV  
  111  9:44  Supply Depot  
  111  9:45  Hellion x2  
  116  9:46  SCV x2  
  116  9:50  Hellion  
  116  9:51  SCV  
  121  9:55  Liberator  
  121  9:56  Hellion  
  121  9:58  SCV  
  124  10:01  Liberator  
  124  10:03  Missile Turret  
  124  10:05  Missile Turret  
  127  10:15  SCV  
  127  10:19  Orbital Command  
  131  10:22  SCV x2  
  131  10:27  SCV  
  134  10:36  SCV, Missile Turret  
  134  10:38  Sensor Tower  
Show
View Real Time Build Order
Export as new Build Order

ShoWTimE Protoss - Winner!

Build Orders: 1 Gate Expand, Oracle Opening, Phoenix Opening 

Get SALT Encoding   

  12  0:00  Probe  
  13  0:13  Probe  
  14  0:19  Pylon  
  14  0:25  Probe  
  15  0:37  Probe (Chrono Boost)  
  15  0:38  Gateway  
  16  0:46  Probe (Chrono Boost)  
  16  0:47  Assimilator  
  17  0:51  Probe (Chrono Boost)  
  18  1:03  Probe  
  19  1:15  Probe  
  20  1:25  Nexus  
  20  1:34  Cybernetics Core  
  20  1:38  Probe  
  21  1:43  Assimilator  
  21  1:50  Probe  
  22  1:54  Pylon  
  22  2:02  Probe  
  23  2:11  Adept (Chrono Boost), Warp Gate  
  23  2:15  Probe  
  26  2:27  Probe, Stargate  
  27  2:32  Adept (Chrono Boost)  
  29  2:37  Probe  
  29  2:39  Probe  
  31  2:49  Probe (Chrono Boost)  
  31  2:51  Adept  
  33  2:52  Probe (Chrono Boost)  
  35  3:01  Probe (Chrono Boost)  
  37  3:08  Oracle (Chrono Boost)  
  37  3:09  Probe (Chrono Boost), Pylon  
  37  3:10  Probe (Chrono Boost)  
  41  3:15  Probe x2  
  43  3:27  Probe x2  
  45  3:38  Phoenix (Chrono Boost)  
  45  3:39  Probe  
  45  3:40  Gateway  
  46  3:41  Probe  
  46  3:42  Gateway  
  47  3:51  Probe  
  47  3:53  Probe  
  47  3:54  Pylon  
  47  3:55  Phoenix  
  51  4:12  Nexus  
  51  4:14  Probe  
  52  4:22  Probe  
  55  4:26  Probe  
  56  4:34  Probe  
  56  4:35  Twilight Council, Forge  
  56  4:38  Probe  
  55  4:40  Assimilator  
  55  4:44  Assimilator  
  53  4:46  Probe  
  53  4:49  Protoss Ground Weapons Level 1  
  53  4:50  Probe, Stalker x2, Pylon  
  59  4:55  Robotics Facility  
  59  4:57  Pylon  
  59  4:58  Probe  
  60  5:02  Probe  
  61  5:08  Blink (Chrono Boost)  
  61  5:10  Probe  
  62  5:15  Probe (Chrono Boost)  
  63  5:24  Probe (Chrono Boost)  
  63  5:27  Probe (Chrono Boost)  
  66  5:32  Probe (Chrono Boost), Sentry, Gateway  
  66  5:33  Gateway  
  66  5:34  Probe (Chrono Boost)  
  70  5:37  Probe (Chrono Boost)  
  70  5:38  Gateway  
  70  5:39  Probe x2 (Chrono Boost)  
  70  5:42  Observer  
  73  5:47  Probe, Gateway  
  73  5:49  Gateway  
  74  5:51  Probe x2  
  74  5:54  Pylon  
  76  5:57  Sentry  
  76  5:59  Probe  
  76  6:03  Probe x2  
  76  6:04  Observer, Assimilator  
  81  6:11  Probe  
  81  6:15  Probe x2  
  80  6:23  Probe  
  80  6:25  Observer  
  82  6:27  Probe, Stalker  
  82  6:29  Probe  
  85  6:35  Probe  
  85  6:36  Protoss Ground Armor Level 1 (Chrono Boost)  
  85  6:39  Probe  
  87  6:44  Charge (Chrono Boost)  
  87  6:46  Observer  
  89  6:48  Photon Cannon  
  89  6:49  Pylon  
  90  6:58  Assimilator  
  88  7:04  Stalker x5  
  98  7:11  Photon Cannon  
  98  7:13  Nexus  
  98  7:14  Photon Cannon  
  98  7:15  Pylon  
  98  7:17  Warp Prism (Chrono Boost)  
  100  7:31  Pylon  
  100  7:33  Forge  
  100  7:37  Pylon  
  100  7:39  Shield Battery  
  100  7:44  Sentry, Pylon  
  100  7:45  Zealot x6  
  100  7:47  Probe x2  
  100  7:48  Probe  
  117  7:53  Templar Archives  
  117  7:59  Probe x2, Assimilator  
  117  8:00  Probe  
  117  8:03  Assimilator, Immortal  
  120  8:11  Probe x2  
  126  8:14  Pylon  
  126  8:16  Photon Cannon  
  126  8:20  Psionic Storm  
  126  8:21  Stalker x2, Protoss Ground Weapons Level 2 (Chrono Boost)  
  126  8:25  Protoss Ground Armor Level 2 (Chrono Boost)  
  130  8:35  High Templar  
  132  8:43  High Templar x3  
  132  8:47  Immortal (Chrono Boost), Pylon  
  138  8:53  Robotics Facility  
  142  9:00  Pylon  
  142  9:07  Stalker  
  142  9:08  Stalker  
  142  9:09  Zealot x3  
  152  9:14  Probe  
  152  9:29  Zealot x6  
  152  9:31  Warp Prism (Chrono Boost)  
  160  9:35  Pylon  
  160  9:37  High Templar  
  160  9:38  High Templar  
  156  9:39  Pylon  
  156  9:42  Archon  
  156  9:43  Gateway  
  156  9:45  Gateway  
  154  9:48  Gateway  
  154  9:50  Stalker x3  
  154  9:51  Stalker  
  160  9:53  High Templar x2  
  160  9:57  Archon  
  164  10:01  Observer  
  165  10:11  Immortal  
  169  10:22  High Templar x4, Immortal  
  169  10:23  Stalker x2  
  169  10:25  Zealot x2  
  169  10:26  Archon  
  169  10:27  Archon  
  189  10:35  Pylon  
  147  10:53  Archon  
  147  10:54  Stalker x4  
  147  10:55  Stalker x4  
Tags
 
Add a new tag
Caveats
  • Supply blocks, unpowered buildings, or Contaminate may cause inaccurate times.
  • Supply counts are checked every 10 seconds.